 Dungeon Crawl Stone Soup version 0.30.0-29-ga12c61a403 (webtiles) character file.

Game seed: 13686394422503688292

96 qw the Chopper (level 4, -2/28 HPs)
             Began as a Gargoyle Fighter on June 4, 2023.
             Slain by Natasha (5 damage)
             ... on level 2 of the Dungeon.
             The game lasted 00:00:52 (2005 turns).

qw the Chopper (Gargoyle Fighter)                   Turns: 2005, Time: 00:00:52

Health: -2/28      AC: 10    Str: 22    XL:     4   Next: 67%
Magic:  4/4        EV:  9    Int:  8    God:
Gold:   77         SH:  4    Dex:  9    Spells: 3/3 levels left

rFire   . . .        Y - +0 war axe
rCold   . . .        c - +0 buckler
rNeg    + . .        b - +0 scale mail
rPois   inf          (no helmet)
rElec   +            (no cloak)
rCorr   .            (no gloves)
SInv    .            (no boots)
Will    .....        (no amulet) Stlth
                     (no ring)
HPRegen 0.24/turn    (no ring)
MPRegen 0.09/turn

%: no passive effects
@: no status effects
A: sickness immunity, AC +3, negative energy resistance 1, electricity
resistance, torment resistance 1, petrification resistance
a: no special abilities


You were on level 2 of the Dungeon.
You visited 1 branch of the dungeon, and saw 2 of its levels.

You collected 77 gold pieces.


Innate Abilities, Weirdness & Mutations

You are immune to sickness and miasma.
Your stone body is resilient. (AC +3)
You are immune to poison.
You resist negative energy. (rN+)
You are resistant to electric shocks. (rElec)
You are resistant to unholy torment.
You are immune to petrification.


   Skills:
 - Level 3.2 Fighting
 + Level 4.3 Axes
 - Level 3.2 Armour
 - Level 3.2 Shields


You had 3 spell levels left.
You didn't know any spells.
Your spell library was empty.

Inventory:

Hand Weapons
 g - a +0 flail
 Y - a +0 war axe (weapon)
Missiles
 j - 3 boomerangs (quivered)
Armour
 b - a +0 scale mail (worn)
 c - a +0 buckler (worn)
 m - a +0 pair of gloves
Scrolls
 a - 2 scrolls of identify
 e - a scroll of blinking {unknown}
 l - a scroll of enchant armour {unknown}
 n - a scroll of immolation {unknown}
 p - a scroll of fog {unknown}
Potions
 d - 2 potions of might
 f - a potion of berserk rage {unknown}
 h - 3 potions of brilliance {unknown}
 i - a potion of magic {unknown}
 k - a potion of degeneration {unknown}
 o - 2 potions of curing {unknown}

Dungeon Overview and Level Annotations

Branches:
Dungeon (2/15)

Altars:

Annotations:
D:2 Natasha


Message History

Natasha, Servant of Life and Death comes into view.
Found 10 gold pieces.
Natasha hisses angrily.
Enter note:
Enter note:
Enter note:
Enter note:
Enter note:
Enter note:
1995 ||| Stepping ~*~*~tactically~*~*~ (hiding).
You start waiting.
Natasha is nearby!
Natasha claws you!
You closely miss Natasha. Natasha closely misses you.
You hit Natasha.
Natasha is moderately wounded.
Natasha claws you.
Natasha mumbles some strange words.
You barely miss Natasha.
Natasha is moderately wounded.
Natasha casts a spell at you. The magic dart hits you.
The cerulean imp hits you but does no damage.
You hit Natasha but do no damage.
Natasha is moderately wounded.
Natasha barely misses you. The cerulean imp closely misses you.
You closely miss Natasha.
Natasha is moderately wounded.
Natasha barely misses you. The cerulean imp closely misses you.
Natasha claws you.
You hit Natasha but do no damage.
Natasha is moderately wounded.
The cerulean imp hits you from afar with a +1 spear.
Natasha claws you!
The cerulean imp hits you but does no damage.
You barely miss Natasha.
Natasha is moderately wounded.
Natasha claws you.
You die...

#.# # ######.# #
#####.#......####
#...#.#.........#
##.#>#...#....##.#
.......#.#.##.....
$#######5......#.#######
......h........#........
#@...#..[.########
#.................
#......#)#.####...
#......#.#.#######
#..#####.#.##.....
#..#..<..#.##.....
#..##.####.##.....
#..#....<#.##.....
#..###.....##.....


You could see Natasha and a cerulean imp (summoned).

Vanquished Creatures
  Terence (D:2)
  A gnoll (D:1)
  An adder (D:2)
  2 dart slugs (D:1)
  5 bats (D:1)
  2 endoplasms (D:1)
  A giant cockroach (D:2)
  6 goblins
  9 hobgoblins
  4 kobolds (D:2)
  5 ball pythons
  4 frilled lizards
  5 rats
46 creatures vanquished.

Notes
Turn   | Place    | Note
-------+----------+-------------------------------------------
     0 | D:1      | qw the Gargoyle Fighter began the quest for the Orb.
     0 | D:1      | Reached XP level 1. HP: 14/14 MP: 1/1
     0 | D:1      | 0 ||| qw: Version: 0.2-a-107-g4668610
     0 | D:1      | 0 ||| qw: Game counter: 1204
     0 | D:1      | 0 ||| qw: Always use a shield: true
     0 | D:1      | 0 ||| qw: God list: Okawaru
     0 | D:1      | 0 ||| qw: Allow faded altars: false
     0 | D:1      | 0 ||| qw: Do Orc after D:15 true
     0 | D:1      | 0 ||| qw: Do second Lair branch before Depths: true
     0 | D:1      | 0 ||| qw: Lair rune preference: random
     0 | D:1      | 0 ||| qw: Plans: Normal, Zot:1-4, Slime:5, God:TSO, Crypt,
                  | Tomb, Abyss, Pan, Hells, Win
     0 | D:1      | 0 ||| PLANNING D:1-11
    46 | D:1      | Found a faded altar of an unknown god.
    54 | D:1      | Reached skill level 2 in Axes
   207 | D:1      | Reached XP level 2. HP: 14/19 MP: 2/2
   334 | D:1      | Reached skill level 3 in Axes
   342 | D:1      | Reached XP level 3. HP: 21/23 MP: 3/3
   419 | D:1      | 419 ||| Stepping ~*~*~tactically~*~*~ (stealth).
  1240 | D:1      | 1240 ||| READING 2 scrolls labelled ATOAXZAT ENOJO.
  1241 | D:1      | 1241 ||| READING scroll labelled MIHATHR XEWK.
  1310 | D:2      | Noticed Terence
  1321 | D:2      | Killed Terence
  1322 | D:2      | Reached skill level 4 in Axes
  1322 | D:2      | Reached XP level 4. HP: 18/28 MP: 4/4
  1379 | D:2      | 1379 ||| DROPPING +0 mace.
  1421 | D:2      | 1421 ||| Stepping ~*~*~tactically~*~*~ (hiding).
  1994 | D:2      | Noticed Natasha
  1995 | D:2      | 1995 ||| Stepping ~*~*~tactically~*~*~ (hiding).
  2004 | D:2      | HP: 3/28 [Natasha (7)]
  2005 | D:2      | Slain by Natasha

Levels and vault maps discovered:
D:1:      lightli_arrival_farm, layout_loops_ring, serial_forest,
          infiniplex_forest_zigzag_1, infiniplex_forest_end_1,
          infiniplex_forest_lined_room_, infiniplex_forest_pool,
          infiniplex_forest_clump_tiny, infiniplex_forest_end_2,
          infiniplex_forest_lined_3, ebering_ecumenical_altar_mist,
          minmay_door_square, minmay_misc_feat_tower
D:2:      layout_basic, nicolae_figureground_pulse, uniq_natasha, uniq_terence

Skill      XL: |  1  2  3 |
---------------+----------+-----
Axes           | 2 3 4 |  4.3
Fighting       | |  3.2
Armour         | |  3.2
Shields        | |  3.2

Action                     |  1- 3 |  4- 6 || total
---------------------------+-------+-------++-------
  Melee: War axe           |   119 |    33 ||   152
  Throw: Boomerang         |     6 |    14 ||    20
    Use: Scroll            |     2 |       ||     2
 Armour: Scale mail        |    61 |    13 ||    74
  Dodge: Dodged            |    58 |    12 ||    70
  Block: Buckler           |    27 |     5 ||    32

Table legend:
 A = Non-vault XP
 B = Vault XP
 C = Vault XP percentage of total XP
 D = Non-vault monster count
 E = Vault monster count
 F = Vault count percentage of total count
                 A         B        C        D         E       F
            +---------+---------+-------+---------+---------+-------
      Total |     102 |      36 |  26.1 |      45 |       1 |   2.2
            +---------+---------+-------+---------+---------+-------
        D:1 |      64 |       0 |   0.0 |      29 |       0 |   0.0
        D:2 |      38 |      36 |  48.6 |      16 |       1 |   5.9
            +---------+---------+-------+---------+---------+-------
